Map: Bel'Shir Vestige LE (Void)

Players

Gemini

  • Race: Protoss Protoss
  • League: Master
  • Spawn Location: 5:00

A.I. 1 (Very Easy) - Winner!

  • Race: Protoss Protoss
  • Spawn Location: 11:00

VOD

Have the link to the VOD?

Description

Time

  • Played on: Feb. 28, 2017, 11:16 a.m.
  • Length: 9:30
Show
View Real Time Build Order
Export as new Build Order

Gemini Protoss 

Build Orders: Oracle Opening, Phoenix Opening 

Get SALT Encoding   

  12  0:01  Probe (Chrono Boost)  
  13  0:11  Probe (Chrono Boost)  
  14  0:17  Pylon  
  14  0:22  Probe (Chrono Boost)  
  15  0:36  Gateway, Probe (Chrono Boost)  
  15  0:40  Assimilator  
  16  0:46  Probe (Chrono Boost)  
  17  0:51  Assimilator  
  18  0:57  Probe (Chrono Boost)  
  18  1:04  Gateway  
  18  1:07  Probe (Chrono Boost)  
  19  1:18  Probe (Chrono Boost)  
  20  1:23  Cybernetics Core  
  20  1:28  Probe (Chrono Boost)  
  21  1:34  Pylon  
  21  1:39  Probe (Chrono Boost)  
  22  1:49  Probe (Chrono Boost)  
  22  1:50  Warp Gate  
  23  1:59  Adept x2  
  28  2:02  Probe (Chrono Boost)  
  28  2:12  Stargate  
  28  2:20  Pylon  
  28  2:26  Stalker  
  30  2:41  Mothership Core (Chrono Boost)  
  32  2:56  Oracle  
  35  3:10  Nexus  
  36  3:12  Probe (Chrono Boost)  
  36  3:16  Pylon  
  36  3:25  Probe (Chrono Boost)  
  37  3:29  Phoenix  
  39  3:37  Probe (Chrono Boost)  
  41  3:49  Probe (Chrono Boost)  
  41  3:51  Phoenix  
  43  4:01  Probe (Chrono Boost)  
  44  4:13  Probe (Chrono Boost)  
  45  4:19  Phoenix  
  48  4:25  Probe (Chrono Boost), Robotics Facility  
  48  4:32  Probe (Chrono Boost)  
  48  4:37  Probe (Chrono Boost)  
  50  4:42  Probe (Chrono Boost)  
  50  4:43  Phoenix  
  51  4:49  Probe (Chrono Boost)  
  54  4:53  Assimilator, Probe (Chrono Boost)  
  54  4:57  Pylon  
  54  4:58  Gateway  
  56  5:01  Probe (Chrono Boost)  
  56  5:03  Probe (Chrono Boost)  
  57  5:11  Probe (Chrono Boost)  
  57  5:14  Probe (Chrono Boost)  
  59  5:17  Observer  
  60  5:24  Probe x2 (Chrono Boost)  
  62  5:30  Sentry x2, Assimilator  
  62  5:35  Probe (Chrono Boost)  
  68  5:36  Probe (Chrono Boost)  
  68  5:45  Pylon  
  68  5:46  Pylon, Probe (Chrono Boost)  
  68  5:48  Probe (Chrono Boost)  
  70  5:51  Twilight Council  
  70  5:58  Immortal  
  70  6:03  Probe (Chrono Boost), Pylon  
  76  6:04  Probe (Chrono Boost)  
  76  6:11  Void Ray  
  76  6:16  Resonating Glaives  
  76  6:18  Pylon  
  80  6:32  Immortal  
  80  6:39  Gateway  
  84  6:41  Gateway  
  84  6:45  Gateway  
  84  6:46  Gateway x2  
  84  6:47  Gateway  
  84  6:51  Adept x3  
  90  6:59  Void Ray  
  94  7:04  Pylon  
  94  7:06  Immortal  
  98  7:22  Adept x2  
  98  7:23  Adept  
  98  7:27  Pylon  
  104  7:31  Pylon  
  104  7:40  Warp Prism, Pylon x2  
  104  7:45  Adept x2  
  110  7:56  Adept x4  
  118  8:08  Adept x2  
  118  8:09  Adept  
  118  8:10  Adept  
  126  8:25  Adept x4  
  134  8:36  Adept x3  
  140  8:45  Pylon  
  140  8:58  Nexus  
  140  9:01  Robotics Bay  
  140  9:18  Adept x3, Forge  
Show
View Real Time Build Order
Export as new Build Order

A.I. 1 (Very Easy) Protoss - Winner!

Build Orders: 1 Gate Expand, Nexus First 

Get SALT Encoding   

  12  0:01  Probe (Chrono Boost)  
  13  0:11  Probe (Chrono Boost)  
  14  0:20  Pylon  
  14  0:42  Gateway  
  14  0:59  Nexus  
  14  1:16  Pylon  
  14  1:22  Assimilator  
  14  1:27  Zealot  
  16  1:35  Cybernetics Core  
  16  1:36  Probe (Chrono Boost)  
  18  1:47  Probe (Chrono Boost)  
  18  1:57  Assimilator  
  18  1:59  Probe (Chrono Boost)  
  19  2:10  Stalker, Probe (Chrono Boost)  
  19  2:14  Probe (Chrono Boost)  
  23  2:20  Warp Gate  
  24  2:23  Probe (Chrono Boost)  
  24  2:29  Probe (Chrono Boost)  
  26  2:37  Probe (Chrono Boost)  
  26  2:51  Probe (Chrono Boost)  
  26  2:53  Assimilator  
  26  2:55  Pylon  
  27  2:59  Probe (Chrono Boost)  
  28  3:06  Probe (Chrono Boost)  
  29  3:13  Probe (Chrono Boost), Robotics Facility  
  30  3:21  Probe (Chrono Boost)  
  30  3:24  Adept  
  31  3:29  Probe (Chrono Boost)  
  34  3:37  Probe (Chrono Boost)  
  31  3:43  Probe (Chrono Boost)  
  30  3:51  Probe (Chrono Boost)  
  30  3:57  Probe (Chrono Boost)  
  30  4:01  Observer  
  32  4:06  Probe (Chrono Boost)  
  33  4:12  Probe (Chrono Boost)  
  32  4:20  Probe (Chrono Boost)  
  32  4:21  Observer  
  32  4:27  Probe (Chrono Boost)  
  33  4:31  Assimilator  
  33  4:34  Probe (Chrono Boost)  
  34  4:40  Sentry  
  34  4:41  Probe (Chrono Boost)  
  37  4:49  Probe (Chrono Boost)  
  38  4:56  Probe (Chrono Boost)  
  39  5:04  Probe (Chrono Boost)  
  40  5:10  Probe (Chrono Boost)  
  41  5:17  Probe (Chrono Boost)  
  40  5:24  Probe (Chrono Boost)  
  41  5:31  Probe (Chrono Boost)  
  42  5:39  Probe (Chrono Boost)  
  43  5:46  Probe (Chrono Boost)  
  44  5:53  Probe (Chrono Boost)  
  44  5:54  Sentry  
  44  5:56  Pylon  
  47  6:01  Probe (Chrono Boost)  
  48  6:07  Probe (Chrono Boost)  
  49  6:15  Probe (Chrono Boost)  
  50  7:16  Stalker  
  50  7:18  Probe (Chrono Boost)  
  49  7:25  Probe (Chrono Boost)  
  47  7:30  Pylon  
  47  7:33  Probe (Chrono Boost)  
  47  7:40  Probe (Chrono Boost)  
  48  7:44  Zealot  
  48  7:48  Probe (Chrono Boost)  
  51  7:54  Probe (Chrono Boost)  
  52  8:08  Immortal  
  53  8:40  Pylon  
  51  8:42  Stalker  
  51  8:45  Observer  
  48  8:56  Probe (Chrono Boost)  
  35  9:02  Pylon  
  35  9:07  Probe (Chrono Boost)  
  27  9:11  Zealot  
Tags
 
Add a new tag
Caveats
  • Supply blocks, unpowered buildings, or Contaminate may cause inaccurate times.
  • Supply counts are checked every 10 seconds.